 Dungeon Crawl Stone Soup version 0.31-a0-217-g58bb5d79cf (webtiles) character file.

Game seed: 13935219359993086580

1754999 Midn8 the Slayer (level 25, 200/200 HPs)
             Began as a Grey Draconian Hexslinger on July 2, 2023.
             Was the Champion of Hepliaklqana.
             Escaped with the Orb
             ... and 3 runes!
             The game lasted 04:54:53 (60702 turns).

Midn8 the Slayer (Grey Draconian Hexslinger)       Turns: 60702, Time: 04:54:54

Health: 200/200    AC: 26    Str: 11    XL:     25   Next: 56%
Magic:  49/49      EV: 28    Int: 23    God:    Hepliaklqana [******]
Gold:   2410       SH:  0    Dex: 28    Spells: 9/49 levels left

rFire   + + .        R - +9 longbow (flame)
rCold   + . .        (shield currently unavailable)
rNeg    . . .        (body armour unavailable)
rPois   .            j - +3 hat of Pondering {ponderous, Will+ MP+10 Int+5}
rElec   .            o - scarf {rC+ rF+}
rCorr   +            E - +2 pair of gloves
SInv    .            v - +2 pair of boots {Stlth+}
Will    ++...        C - amulet of regeneration
Stlth   +            n - ring of Ruit {rCorr Slay+3}
HPRegen 1.33/turn    i - ring "Dale" {rF+ Dex+7}
MPRegen 0.31/turn

%: no passive effects
@: studying 2 skills, slow
A: reduced essence, AC +17, amphibious, unfitting armour, cold-blooded, antennae
1, deterioration 1, frail 1
0: Orb of Zot
}: 3/15 runes: barnacled, silver, gossamer
a: Renounce Religion, Recall Ancestor, Ancestor Identity, Transference, Idealise


You escaped.
You worshipped Hepliaklqana.
Hepliaklqana was exalted by your worship.
You visited 9 branches of the dungeon, and saw 47 of its levels.
You also visited: Bailey, Gauntlet, Ice Cave and Wizlab.

You collected 7553 gold pieces.
You spent 5143 gold pieces at shops.

Inventory:

Hand Weapons
 u - a +1 demon whip of venom
 R - a +9 longbow of flaming (weapon)
Missiles
 k - 64 poisoned darts
 F - 12 curare-tipped darts
 J - 3 throwing nets
Armour
 j - the +3 hat of Pondering (worn) {ponderous, Will+ MP+10 Int+5}
   (You took it off Gastronok on level 3 of the Lair of Beasts)

   Int:       It affects your intelligence (+5).
   MP:        It affects your magic capacity (+10).
   Will:      It increases your willpower.
 o - a scarf of resistance (worn)
 v - a +2 pair of boots of stealth (worn)
 E - a +2 pair of gloves (worn)
 N - the +2 cloak of the Desert {Dex+3}
   (You found it in a wizard's laboratory)

   Dex:       It affects your dexterity (+3).
Jewellery
 i - the ring "Dale" (right hand) {rF+ Dex+7}
   (You acquired it on level 1 of the Shoals)

   [ring of protection from fire]

   Dex:       It affects your dexterity (+7).
   rF:        It protects you from fire.
 n - the ring of Ruit (left hand) {rCorr Slay+3}
   (You acquired it on level 1 of the Shoals)

   [ring of resist corrosion]

   Slay:      It affects your accuracy & damage with ranged weapons and melee
   (+3).
   rCorr:     It protects you from acid and corrosion.
 B - the ring "Utzyist" {rElec rN+ Str+2}
   (You took it off a merfolk aquamancer on level 4 of the Shoals)

   [ring of positive energy]

   Str:       It affects your strength (+2).
   rElec:     It insulates you from electricity.
   rN:        It protects you from negative energy.
 C - an amulet of regeneration (around neck)
 Q - a ring of wizardry
 T - a ring of willpower
 Z - the ring "Riziofea" {rC+ rCorr MP+9}
   (You acquired it on level 1 of the Spider Nest)

   [ring of magical power]

   rC:        It protects you from cold.
   MP:        It affects your magic capacity (+9).
   rCorr:     It protects you from acid and corrosion.
Wands
 a - a wand of polymorph (12)
 l - a wand of flame (155)
 q - a wand of paralysis (56)
 A - a wand of digging (39)
 G - a wand of iceblast (38)
 O - a wand of acid (19)
 W - a wand of mindburst (35)
Scrolls
 b - 10 scrolls of poison
 d - 22 scrolls of teleportation
 w - 2 scrolls of revelation
 x - 2 scrolls of blinking
 D - 8 scrolls of fear
 L - 5 scrolls of amnesia
 M - 2 scrolls of enchant weapon
 P - a scroll of acquirement
 U - 6 scrolls of butterflies
 V - 7 scrolls of fog
Potions
 c - 6 potions of magic
 e - 8 potions of haste
 g - 11 potions of heal wounds
 h - 7 potions of might
 m - 5 potions of berserk rage
 r - 19 potions of curing
 s - 7 potions of invisibility
 y - a potion of cancellation
 z - 14 potions of brilliance
 H - 2 potions of mutation
 K - 19 potions of enlightenment
 S - a potion of resistance
 Y - 3 potions of ambrosia
Miscellaneous
 f - a phantom mirror (inert)
 p - a phial of floods
 t - a sack of spiders
 I - a lightning rod (4/4)
 X - a condenser vane


   Skills:
 + Level 25.5 Fighting
 - Level 20.0 Ranged Weapons
 - Level 15.0 Dodging
 - Level 12.7 Spellcasting
 - Level 9.0 Hexes
 - Level 19.4 Summonings
 - Level 8.0 Necromancy
 - Level 4.0 Translocations
 - Level 4.0 Ice Magic
 - Level 11.0 Earth Magic
 - Level 14.0 Invocations
 - Level 16.0 Evocations


You had 9 spell levels left.
You knew the following spells:

 Your Spells              Type           Power      Damage    Failure   Level
a - Summon Mana Viper     Hex/Summ       68%        N/A       1%          5
b - Summon Cactus Giant   Summ           40%        N/A       1%          6
c - Mephitic Cloud        Conj/Pois/Air  14%        N/A       13%         3
d - Tukima's Dance        Hex            54%        N/A       1%          3
e - Cause Fear            Hex            27%        N/A       1%          4
f - Portal Projectile     Hex/Tloc       88%        N/A       1%          3
g - Monstrous Menagerie   Summ           40%        N/A       1%          7
q - Leda's Liquefaction   Hex/Erth       28%        N/A       1%          4
v - Borgnjor's Vile Clut  Necr/Erth      27%        N/A       2%          5

Your spell library contained the following spells:

 Spells                   Type           Power      Damage    Failure   Level
 Summon Small Mammal      Summ           100%       N/A       0%          1
 Call Imp                 Summ           100%       N/A       0%          2
 Call Canine Familiar     Summ           81%        N/A       0%          3
 Apportation              Tloc           66%        N/A       1%          1
 Kiss of Death            Conj/Necr      100%       2d13      1%          1
 Necrotise                Necr           100%       1d9       1%          1
 Slow                     Hex            100%       N/A       1%          1
 Lesser Beckoning         Tloc           66%        N/A       1%          2
 Sublimation of Blood     Necr           51%        N/A       1%          2
 Confusing Touch          Hex            54%        N/A       1%          3
 Dazzling Flash           Conj/Hex       70%        N/A       1%          3
 Inner Flame              Hex/Fire       35%        N/A       1%          3
 Summon Guardian Golem    Hex/Summ       68%        N/A       1%          3
 Vampiric Draining        Necr           51%        2d9       1%          3
 Animate Dead             Necr           51%        N/A       1%          4
 Summon Ice Beast         Ice/Summ       62%        N/A       1%          4
 Summon Lightning Spire   Summ/Air       56%        N/A       1%          4
 Lee's Rapid Deconstruct  Erth           30%        3d16*     1%          5
 Summon Forest            Summ/Tloc      31%        N/A       1%          5
 Summon Hydra             Summ           40%        N/A       1%          7
 Cigotuvi's Dreadful Rot  Necr/Pois/Air  52%        N/A       2%          2
 Frozen Ramparts          Ice            66%        1d10      2%          3
 Gell's Gravitas          Tloc           33%        N/A       2%          3
 Ozocubu's Armour         Ice            33%        N/A       2%          3
 Teleport Other           Tloc           33%        N/A       2%          3
 Magic Dart               Conj           56%        1d5       4%          1
 Shock                    Conj/Air       56%        1d6       4%          1
 Sting                    Tmut/Pois      56%        1d5       4%          1
 Petrify                  Tmut/Erth      39%        N/A       4%          4
 Agony                    Necr           51%        N/A       4%          5
 Vhi's Electric Charge    Tloc/Air       46%        N/A       5%          3
 Volatile Blastmotes      Fire/Tloc      46%        2d13      5%          3
 Poisonous Vapours        Pois/Air       28%        N/A       6%          2
 Scorch                   Fire           28%        2d6       6%          2
 Searing Ray              Conj           28%        2d5       6%          2
 Static Discharge         Conj/Air       28%        2-4/arc   6%          2
 Wereblood                Tmut           14%        N/A       6%          2
 Fulminant Prism          Conj/Hex       17%        3d10      7%          4
 Passage of Golubria      Tloc           33%        N/A       9%          4
 Metabolic Englaciation   Hex/Ice        22%        N/A       9%          5
 Ignite Poison            Fire/Tmut/Pois 14%        N/A       13%         3
 Spider Form              Tmut/Pois      14%        N/A       13%         3
 Haunt                    Necr/Summ      33%        N/A       13%         7
 Ice Form                 Ice/Tmut       23%        N/A       19%         4
 Iskenderun's Mystic Bla  Conj/Tloc      23%        2d6       19%         4
 Silence                  Hex/Air        17%        N/A       19%         5
 Yara's Violent Unravell  Hex/Tmut       17%        3d8       19%         5
 Death Channel            Necr           25%        N/A       24%         6
 Airstrike                Air            7%         2d(1-17)  38%         4
 Flame Wave               Conj/Fire      14%        2d6       38%         4
 Sticky Flame             Conj/Fire      14%        2d4       38%         4
 Simulacrum               Ice/Necr       21%        N/A       50%         6
 Freezing Cloud           Conj/Ice/Air   10%        6-21      56%         5
 Leda's Unmaking          Conj/Erth      19%        9d4       56%         6
 Statue Form              Tmut/Erth      26%        N/A       56%         6
 Spellforged Servitor     Conj/Summ      28%        N/A       56%         7
 Alistair's Intoxication  Tmut/Pois      9%         N/A       75%         5
 Blade Hands              Tmut           7%         N/A       75%         5
 Fireball                 Conj/Fire      7%         3d5       75%         5
 Irradiate                Conj/Tmut      7%         3d14      75%         5
 Iskenderun's Battlesphe  Conj           14%        2d7       75%         5
 Dispersal                Tloc           16%        N/A       77%         6
 Dragon's Call            Summ           40%        N/A       83%         9
 Conjure Ball Lightning   Conj/Air       7%         3x3d6     100%        6
 Eringya's Noxious Bog    Tmut/Pois      7%         N/A       100%        6
 Plasma Beam              Fire/Air       7%         2x1d17    100%        6
 Starburst                Conj/Fire      7%         6d4       100%        6
 Dragon Form              Tmut           7%         N/A       100%        7
 Orb of Destruction       Conj           7%         9d6       100%        7
 Ozocubu's Refrigeration  Ice            16%        4d11      100%        7
 Discord                  Hex            27%        N/A       100%        8
 Disjunction              Tloc           16%        N/A       100%        8
 Ignition                 Fire           7%         3d4       100%        8
 Infestation              Necr           25%        N/A       100%        8
 Fire Storm               Conj/Fire      7%         8d2       100%        9
 Shatter                  Erth           30%        3d25*     100%        9


Dungeon Overview and Level Annotations

Branches:
Dungeon (15/15)            Temple (0/1) D:4            Lair (5/5) D:10
 Shoals (4/4) Lair:3       Spider (4/4) Lair:3        Slime (0/5) Lair:5
    Orc (2/2) D:10            Elf (3/3) Orc:2        Vaults (5/5) D:13
  Crypt (0/3) Vaults:2     Depths (4/4) D:15            Zot (5/5) Depths:4
 Bailey (visited)           IceCv (visited)          WizLab (visited)
Gauntlet (visited)

Altars:
Ashenzari
Dithmenos
Fedhas
Hepliaklqana
Kikubaaqudgha
Okawaru
Qazlal
Sif Muna
Trog
Uskayaw
Vehumet
Yredelemnul
The Shining One
Jiyva

Shops:
D:12 [   Orc:2 ?*[:[   Elf:1 [(*   Elf:2 (   Shoals:1 (   Vaults:1 ?
Vaults:2 [   Depths:1 =::   Depths:3 [   Depths:4 *

Portals:
Hell: Depths:1 Depths:2 Depths:3 Depths:4
Abyss: Depths:1 Depths:3 Depths:4
Pandemonium: Depths:2
Ziggurat: Depths:1
Bazaar: Depths:2
Trove: D:15 (lose all piety)

Annotations:
Spider:4 exclusion: 3 doors
Elf:2 3 runed translucent doors
Depths:3 1 transporter
Zot:5 3 runed translucent doors, Lance11888's ghost, legendary OpDe


Innate Abilities, Weirdness & Mutations

Your life essence is reduced to manifest your ancestor. (-10% HP)
Your dull iron-grey scales are very hard. (AC +17)
You are amphibious.
You cannot fit into any form of body armour.
You are cold-blooded and may be slowed by cold attacks.
You have a pair of small antennae on your head.
Your body sometimes deteriorates upon taking damage.
You are frail. (-10% HP)


Message History

You shoot an arrow. The arrow hits the Ice Fiend!!
The arrow burns the Ice Fiend.
You kill the Ice Fiend!
(D) Dungeon (T) Temple (L) Lair (A) Shoals (N) Spider Nest (M) Slime Pits (O) Orcish Mines (E) Elven Halls (V) Vaults (C) Crypt (U) Depths (H) Hell (Z) Zot
Where to? (Enter - D:1 @ (x,y), ? - help)
There is a stone staircase leading up here.
You climb upwards.
There is a stone staircase leading down here.
The wall loses the glow of perfection.
There is an open door here.
The wall is no longer moving quickly.
Magic restored.
There is a stone staircase leading up here.
You climb upwards.
There is a stone staircase leading down here.
There is a stone staircase leading up here.
You climb upwards.
There is a stone staircase leading down here.
A tormentor comes into view.
You shoot an arrow.
The arrow completely misses the tormentor.
You shoot an arrow. The arrow hits the tormentor!!!
The arrow burns the tormentor.
You kill the tormentor!
(D) Dungeon (T) Temple (L) Lair (A) Shoals (N) Spider Nest (M) Slime Pits (O) Orcish Mines (E) Elven Halls (V) Vaults (C) Crypt (U) Depths (H) Hell (Z) Zot
Where to? (Enter - D:1 @ (x,y), ? - help)
There is a stone staircase leading up here.
You climb upwards.
There is a stone staircase leading down here.
You swap places.
HP restored.
There is an open door here.
There is a staircase leading out of the dungeon here.
You have escaped!

#####......########
#.####......(..
#....##...####.
####.###...###.
#.....#.....
##############.#.##
#.........# #.#..#
#..R###...####.##..
#.@.#.#...'....###.
#...###...#.#######
#.........#.##....#
###########.##.##.#
#....##.# #######.#
#.. #.# ###


You could see the friendly The wall the knight (reflecting).

Vanquished Creatures
  3 dread liches
  An ancient lich (Zot:5)
  Mara (Depths:1)
  3 orbs of fire
  Sojobo (Vaults:4)
  Boris (Depths:3)
  Vv (Depths:2)
  6 Killer Klowns (Zot:5)
  Xtahua (Vaults:2)
  A pandemonium lord (Zot:5)
  2 curse toes
  2 profane servitors
  2 golden dragons
  A bone dragon (Depths:4)
  An electric golem (Zot:5)
  9 tentacled monstrosities
  18 Orb Guardians
  Rupert (D:14)
  2 liches
  An Ice Fiend (D:5)
  6 titans
  A deep elf blademaster (Elf:3)
  7 quicksilver dragons
  A deep elf master archer (Elf:3)
  A walking earthen tome (Depths:2)
  Polyphemus (Shoals:4)
  The ghost of
  123456 the Slayer, an adept MiFi of Gozag (Shoals:2)
  An Executioner (Zot:5)
  6 sphinxes
  3 death cobs
  The ghost of Luutwy the Warrior, an adept MiBe of Trog (Shoals:2)
  3 tentacled starspawn (WizLab)
  5 shadow dragons
  4 tengu reavers
  The ghost of Ceuduph the Tortoise, an adept AtWn of Uskayaw (Shoals:2)
  4 draconian monks
  12 storm dragons
  4 frost giants
  6 fire giants
  The ghost of Ifrazul the Tortoise, a journeyman MiFi of Ru (Shoals:2)
  3 iron dragons
  9 deep elf sorcerers
  4 emperor scorpions
  A balrug (Depths:2)
  7 deep elf elementalists (Elf:3)
  3 draconian knights
  9 vault wardens
  Aizul (Elf:1)
  8 ghost moths
  12 ironbound preservers
  2 draconian scorchers
  An orc warlord (Vaults:4)
  5 war gargoyles
  6 draconian annihilators
  5 draconian shifters
  12 stone giants
  4 draconian stormcallers (Depths:4)
  5 ironbound thunderhulks
  9 very ugly things
  6 broodmothers
  A green draconian (Depths:4)
  3 deep elf demonologists (Elf:3)
  5 red draconians
  10 deep elf annihilators
  2 black draconians
  A minotaur (Gauntlet)
  5 yellow draconians
  4 spark wasps
  3 dire elephants (Vaults:2)
  A white draconian (Zot:1)
  9 purple draconians
  6 merfolk javelineers
  5 deep elf death magi (Elf:3)
  A crystal guardian (Vaults:2)
  9 fire dragons
  6 merfolk impalers
  6 deep elf high priests
  4 entropy weavers
  Fannar (Lair:3)
  9 ettins
  2 nameless horrors
  10 yaktaur captains
  5 rakshasas
  A great orb of eyes (shapeshifter) (Vaults:5)
  7 great orbs of eyes
  5 hydras
  2 peacekeepers
  29 vault guards
  8 ironbound frosthearts
  5 ice dragons
  A hell beast (D:15)
  3 spriggan air magi
  2 ogre magi
  3 radroaches
  3 jorogumos (Spider:4)
  9 merfolk aquamancers
  A catoblepas (Lair:5)
  11 centaur warriors
  13 dancing weapons
  3 deep troll shamans
  3 merfolk avatars
  A two-headed ogre (shapeshifter) (Vaults:5)
  8 boulder beetles
  6 two-headed ogres
  2 alligator snapping turtles (Shoals:4)
  8 demonic crawlers
  16 death yaks
  6 deep troll earth magi
  4 spriggan berserkers
  2 orc high priests
  10 tengu warriors
  A titan zombie (Depths:1)
  Nergalle (Lair:3)
  Urug (D:11)
  2 soul eaters (Gauntlet)
  7 sun demons
  Amaemon (Lair:2)
  6 skysharks
  8 deep elf knights
  A fire crab (shapeshifter) (D:15)
  6 iron trolls
  2 shadow wraiths
  3 glowing orange brains
  6 pharaoh ants
  4 skeletal warriors
  2 flayed ghosts (Vaults:5)
  13 sea snakes
  A sun moth (Shoals:2)
  2 sixfirhies
  34 deep trolls
  3 obsidian statues
  A swamp dragon (shapeshifter) (Vaults:5)
  8 steelbarb worms
  8 deep elf archers
  10 wizards
  13 orb spiders
  17 ironbound convokers
  8 lindwurms
  An anaconda skeleton (WizLab)
  An orange crystal statue (Gauntlet)
  13 harpies
  3 phantasmal warriors (Vaults:5)
  9 orc knights
  17 deep elf zephyrmancers
  2 necromancers (Vaults:4)
  6 orc sorcerers
  19 fauns
  20 deep elf pyromancers
  21 wolf spiders
  28 ugly things
  4 cyclopes
  A salamander (Depths:1)
  2 large abominations
  3 worldbinders (WizLab)
  2 wolf spiders (shapeshifter)
  18 moths of wrath
  6 merfolk sirens
  15 manticores
  A black mamba (Lair:3)
  7 elephants
  3 ice statues (IceCv)
  12 vault sentinels
  3 torpor snails (Spider:4)
  11 water nymphs
  A fire giant skeleton (Vaults:4)
  A guardian serpent (shapeshifter) (Vaults:5)
  2 orange demons
  An eye of devastation (shapeshifter) (Depths:4)
  6 cane toads
  Psyche (D:9)
  4 gargoyles
  A smoke demon (Depths:2)
  A torpor snail (shapeshifter) (Elf:1)
  5 komodo dragons
  6 rime drakes
  3 freezing wraiths
  24 yaktaurs
  An efreet (D:15)
  An unseen horror (WizLab)
  A tormentor (D:2)
  A troll (shapeshifter) (D:15)
  4 polar bears
  A queen bee (Lair:2)
  38 tarantellas
  11 meliai
  3 wind drakes
  22 merfolk
  2 hornets
  7 trolls
  26 blink frogs
  2 hellwings
  3 snapping turtles
  A human simulacrum (Vaults:4)
  12 culicivoras
  Sigmund (D:5)
  22 slime creatures
  2 shadows (D:11)
  37 jumping spiders
  A dire elephant simulacrum (IceCv)
  A spriggan (Depths:4)
  4 wyverns
  7 air elementals
  A spriggan skeleton (Depths:1)
  24 water elementals
  3 fire elementals
  4 wraiths
  4 basilisks
  A hog (Vaults:2)
  2 steam dragons (Lair:2)
  23 yaks
  A chaos spawn (Depths:2)
  42 redbacks
  11 vampire mosquitoes
  7 wargs
  A harpy simulacrum (IceCv)
  5 spatial vortices (WizLab)
  13 water moccasins
  A swamp drake (D:10)
  A glowing shapeshifter skeleton (Vaults:4)
  23 orc warriors
  3 ice beasts
  5 black bears
  4 sky beasts
  8 boggarts (Vaults:1)
  28 wolves
  7 ogres
  8 centaurs
  2 lemures (D:6)
  A phantom (D:5)
  3 kobold brigands
  7 bullfrogs
  A scorpion (D:5)
  A gnoll sergeant (D:11)
  A two-headed ogre simulacrum (D:11)
  2 human skeletons
  A cane toad simulacrum (IceCv)
  A small abomination (WizLab)
  8 wights
  Dowan (D:5)
  An elephant simulacrum (IceCv)
  18 killer bees
  A howler monkey (D:11)
  3 electric eels
  A crimson imp (D:6)
  4 hounds
  A jelly (D:6)
  15 orc priests
  A gnoll bouda (D:9)
  3 iguanas (D:5)
  A sleepcap (D:6)
  18 orc wizards
  A hell rat (Lair:2)
  A spriggan simulacrum (D:11)
  A wolf simulacrum (IceCv)
  2 troll simulacra (D:11)
  13 gnolls
  4 adders
  5 shadow imps
  4 white imps
  4 ufetubi
  A worm (D:1)
  2 dart slugs
  74 orcs
  3 endoplasms
  6 goblins
  14 hobgoblins
  8 jackals
  A quokka (D:1)
  4 ball pythons (D:1)
  3 bats
  3 frilled lizards
  A goblin zombie (D:6)
  21 kobolds
  2 kobold skeletons (D:6)
  A kobold zombie (D:6)
  An orc skeleton (D:6)
  2 orc zombies (D:6)
  6 rats
  3 starspawn tentacles (WizLab)
1700 creatures vanquished.

Vanquished Creatures (collateral kills)
  An ancient lich (Vaults:5)
  A dread lich (Zot:5)
  An orb of fire (Zot:5)
  4 Killer Klowns (Zot:5)
  Saint Roka (Depths:2)
  A golden dragon (Zot:4)
  Arachne (Spider:4)
  A Tzitzimitl (D:5)
  A pandemonium lord (Zot:5)
  5 tentacled monstrosities
  8 Orb Guardians
  A quicksilver dragon (Zot:1)
  A tentacled starspawn (WizLab)
  A walking divine tome (Depths:2)
  A titan (Shoals:4)
  Gastronok (Lair:3)
  2 death cobs
  A tengu reaver (Vaults:5)
  2 sphinxes
  A shadow dragon (Zot:1)
  4 storm dragons
  2 fire giants
  2 emperor scorpions (Spider:4)
  2 iron dragons (Vaults:5)
  A draconian knight (Zot:2)
  A vault warden (Vaults:2)
  A balrug (D:14)
  2 ghost moths
  2 deep elf elementalists (Elf:3)
  A draconian stormcaller (Zot:2)
  A draconian scorcher (Zot:4)
  2 orc warlords
  A caustic shrike zombie (Depths:1)
  An ironbound preserver (Vaults:2)
  A draconian annihilator (Depths:4)
  3 very ugly things
  A formless jellyfish (Shoals:4)
  The ghost of benadryl the Severer, a journeyman MiBe of Qazlal (Lair:2)
  A stone giant (Depths:1)
  Nessos (Lair:3)
  A green draconian (Zot:4)
  2 red draconians
  A spark wasp (Depths:1)
  2 purple draconians
  2 yellow draconians
  2 dire elephants (Vaults:2)
  A white draconian (Zot:2)
  2 deep elf death magi
  2 ettins (Depths:2)
  2 fire dragons (Depths:1)
  A crystal guardian (Vaults:3)
  An entropy weaver (Spider:3)
  2 merfolk impalers
  A merfolk javelineer (Shoals:4)
  A deep elf high priest (Elf:3)
  2 yaktaur captains (Vaults:5)
  3 vault guards (Vaults:5)
  2 ironbound frosthearts
  A rakshasa (WizLab)
  Erolcha (D:9)
  2 ice dragons
  3 centaur warriors
  2 hydras
  2 catoblepae
  A merfolk aquamancer (Shoals:2)
  A death knight (D:14)
  4 dancing weapons
  A radroach (Spider:3)
  2 deep troll earth magi
  A boulder beetle (Lair:2)
  A two-headed ogre (Vaults:4)
  A death yak (Lair:2)
  3 demonic crawlers
  A vampire mage (Depths:2)
  A hell knight (Depths:2)
  An orc high priest (Orc:2)
  A sun demon (Shoals:2)
  2 skeletal warriors (D:14)
  2 pharaoh ants
  5 sea snakes
  A skyshark (Lair:5)
  A sun moth (Spider:4)
  A glowing orange brain (Vaults:4)
  9 deep trolls
  3 orb spiders
  4 deep elf archers
  9 harpies
  An ironbound convoker (Vaults:2)
  4 deep elf pyromancers
  5 orc knights
  Pikel (D:9)
  A steelbarb worm (Spider:4)
  2 wizards (WizLab)
  A necromancer (Depths:1)
  2 fauns
  4 deep elf zephyrmancers
  4 wolf spiders
  9 ugly things
  A manticore (Shoals:4)
  A cyclops (D:14)
  4 elephants
  4 moths of wrath
  A rust devil (Depths:3)
  3 nameless horrors
  A black mamba (Lair:2)
  A water nymph (Shoals:4)
  An orange demon (Zot:5)
  Joseph (D:9)
  A torpor snail (Spider:3)
  5 cane toads
  2 ice devils (Zot:5)
  2 yaktaurs
  5 meliai
  2 trolls
  2 merfolk
  2 wind drakes
  3 tarantellas
  8 blink frogs
  A hornet (Lair:2)
  A snapping turtle (Shoals:3)
  6 slime creatures
  A culicivora (Spider:4)
  5 jumping spiders
  A shadow (D:11)
  4 water elementals (Shoals:4)
  7 yaks
  3 wyverns
  4 vampire mosquitoes
  10 redbacks
  Grum (D:10)
  7 basilisks
  A floating eye (Depths:1)
  2 black bears
  7 orc warriors
  3 water moccasins
  Duvessa (D:5)
  A sky beast (D:7)
  An ice beast (D:5)
  2 ogres
  17 wolves
  A centaur (D:13)
  2 lemures (D:6)
  A kobold brigand (D:8)
  Blork the orc (D:4)
  2 scorpions
  3 bullfrogs
  4 wights
  14 killer bees
  A vampire bat (Vaults:2)
  A howler monkey (D:5)
  An electric eel (Lair:1)
  A quasit (D:7)
  A hound (D:5)
  2 gnoll boudas
  3 orc priests
  3 sleepcaps
  An iguana (D:6)
  Natasha (thrice) (D:4)
  10 orc wizards
  2 polar bear simulacra (IceCv)
  A wolf simulacrum (IceCv)
  3 adders
  10 gnolls
  4 shadow imps (Gauntlet)
  A white imp (D:7)
  An ufetubus (WizLab)
  A worm (D:5)
  24 orcs
  2 endoplasms (D:4)
  A giant cockroach (D:2)
  4 goblins
  8 hobgoblins
  A jackal (D:3)
  11 kobolds
  2 quokkas
  A bat (D:3)
  3 goblin zombies (D:6)
  2 hobgoblin zombies (D:6)
  A kobold skeleton (D:6)
  An orc skeleton (D:6)
  2 orc zombies (D:6)
  A butterfly (D:4)
  2 starspawn tentacles (WizLab)
478 creatures vanquished.

Vanquished Creatures (others)
  A deep elf master archer (Elf:3)
  An eldritch tentacle (WizLab)
  A fire giant (Vaults:5)
  A stone giant (Depths:4)
  2 yaktaur captains
  An ogre mage (Vaults:5)
  A demonic crawler (Spider:3)
  A wizard (Vaults:3)
  2 yaktaurs
  2 dancing weapons
  54 knights
  2 ancestors
69 creatures vanquished.

Grand Total: 2247 creatures vanquished

Notes
Turn   | Place    | Note
-------+----------+-------------------------------------------
     0 | D:1      | Midn8 the Draconian Hexslinger began the quest for the Orb.
     0 | D:1      | Reached XP level 1. HP: 16/16 MP: 2/2
    76 | D:1      | Reached XP level 2. HP: 23/23 MP: 3/3
   232 | D:1      | Found a faded altar of an unknown god.
   283 | D:1      | Prayed at the altar of an unknown god.
   283 | D:1      | Became a worshipper of Hepliaklqana the Forgotten
   283 | D:1      | Reached * piety under Hepliaklqana
   578 | D:1      | Reached XP level 3. HP: 20/25 MP: 4/4
   975 | D:2      | Reached XP level 4. HP: 28/31 MP: 5/5
  1160 | D:3      | Found an iron altar of Okawaru.
  1162 | D:3      | Found a hide-covered altar of Uskayaw.
  1173 | D:3      | Found a shimmering blue altar of Sif Muna.
  1174 | D:3      | Found a stormy altar of Qazlal.
  1174 | D:3      | Found a bloodstained altar of Trog.
  1181 | D:3      | Reached ** piety under Hepliaklqana
  1182 | D:3      | Remembered your ancestor The wall as a knight
  1353 | D:3      | Reached skill level 2 in Fighting
  2161 | D:4      | Noticed Blork the orc
  2171 | D:4      | Killed Blork the orc
  2172 | D:4      | Reached skill level 5 in Ranged Weapons
  2172 | D:4      | Reached XP level 5. HP: 32/36 MP: 4/6
  2304 | D:4      | Noticed Natasha
  2317 | D:4      | Killed Natasha
  2345 | D:4      | Noticed Natasha
  2349 | D:4      | Killed Natasha
  2393 | D:4      | Reached XP level 6. HP: 41/43 MP: 5/7
  2445 | D:4      | Learned a level 3 spell: Portal Projectile
  2580 | D:4      | Found a staircase to the Ecumenical Temple.
  2622 | D:4      | Noticed Natasha
  2629 | D:4      | Killed Natasha
  3118 | D:5      | Entered Level 5 of the Dungeon
  3119 | D:5      | Noticed Sigmund
  3130 | D:5      | Killed Sigmund
  3131 | D:5      | Your scales start taking on a dull iron-grey colour.
  3131 | D:5      | Reached XP level 7. HP: 49/49 MP: 8/8
  3190 | D:5      | Reached *** piety under Hepliaklqana
  3692 | D:5      | Reached skill level 3 in Fighting
  3701 | D:5      | Reached skill level 4 in Fighting
  3701 | D:5      | Reached skill level 1 in Invocations
  3716 | D:5      | Reached XP level 8. HP: 59/59 MP: 9/9
  3907 | D:5      | Noticed Duvessa
  3907 | D:5      | Noticed Dowan
  3911 | D:5      | Killed Duvessa
  3921 | D:5      | Killed Dowan
  4545 | D:5      | Reached **** piety under Hepliaklqana
  4545 | D:5      | Found a broken altar of Ashenzari.
  5294 | D:6      | Found a glowing golden altar of the Shining One.
  5317 | D:6      | Reached XP level 9. HP: 63/63 MP: 4/12
  5507 | D:6      | Noticed Pikel
  5679 | D:6      | Reached skill level 5 in Fighting
  5892 | D:7      | Reached skill level 6 in Fighting
  5916 | D:7      | Found a flagged portal.
  5926 | Bailey   | Entered a bailey
  6207 | D:7      | Reached skill level 5 in Hexes
  6266 | D:7      | Learned a level 3 spell: Tukima's Dance
  6684 | D:7      | Reached XP level 10. HP: 74/74 MP: 13/13
  7036 | D:8      | Found an ancient bone altar of Kikubaaqudgha.
  7441 | D:8      | Reached skill level 10 in Ranged Weapons
  7621 | D:8      | Found a shadowy altar of Dithmenos.
  7955 | D:9      | Killed Pikel
  7956 | D:9      | Reached skill level 7 in Fighting
  8081 | D:9      | Noticed Erolcha
  8150 | D:9      | Killed Erolcha
  8151 | D:9      | Reached skill level 8 in Fighting
  8333 | D:9      | Reached ***** piety under Hepliaklqana
  8348 | D:9      | Noticed Psyche
  8601 | D:9      | Noticed Joseph
  8611 | D:9      | Killed Joseph
  8617 | D:9      | Learned a level 4 spell: Cause Fear
  8829 | D:9      | Killed Psyche
  9022 | D:8      | Reached XP level 11. HP: 67/84 MP: 8/14
  9163 | D:10     | Entered Level 10 of the Dungeon
  9458 | D:10     | Found a staircase to the Orcish Mines.
  9842 | D:10     | Found a blossoming altar of Fedhas.
  9908 | D:10     | Noticed Grum
  9922 | D:10     | Reached skill level 9 in Fighting
  9931 | D:10     | Killed Grum
 10348 | D:10     | Reached skill level 10 in Fighting
 10368 | D:10     | Reached skill level 5 in Invocations
 10445 | D:10     | Found a staircase to the Lair.
 10693 | Lair:1   | Entered Level 1 of the Lair of Beasts
 11696 | Lair:2   | Noticed a catoblepas
 11787 | Lair:1   | Reached XP level 12. HP: 85/96 MP: 17/17
 11980 | Lair:2   | Reached skill level 11 in Fighting
 12171 | Lair:2   | Noticed Amaemon
 12201 | Lair:2   | Killed Amaemon
 12325 | Lair:2   | Reached skill level 12 in Fighting
 12347 | Lair:2   | Found a broken altar of Ashenzari.
 12467 | Lair:2   | Noticed a death yak
 12468 | Lair:2   | Found a runed translucent gate.
 12469 | Lair:2   | Found a runed translucent gate.
 12469 | Lair:2   | Found a runed translucent gate.
 12469 | Lair:2   | Noticed benadryl's ghost (journeyman MiBe)
 12472 | Lair:2   | Noticed a boulder beetle
 12715 | Lair:2   | Killed a catoblepas
 13490 | Lair:2   | Identified the +0 cloak of New Discoveries {*Slow rElec rF-
                  | rCorr}
 13506 | Lair:2   | Learned a level 3 spell: Frozen Ramparts
 13958 | Lair:3   | Found a staircase to the Shoals.
 13996 | Lair:3   | Reached XP level 13. HP: 106/106 MP: 18/18
 14233 | Lair:3   | Noticed Nessos
 14248 | Lair:3   | Killed Nessos
 14249 | Lair:3   | Reached skill level 1 in Ice Magic
 14452 | Lair:3   | Found a hole to the Spider Nest.
 14538 | Lair:3   | Noticed Nergalle
 14548 | Lair:3   | Killed Nergalle
 14548 | Lair:3   | Noticed Gastronok
 14562 | Lair:3   | Killed Gastronok
 14733 | Lair:3   | Noticed Fannar
 14744 | Lair:3   | Killed Fannar
 15257 | Lair:4   | Reached skill level 15 in Ranged Weapons
 15326 | Lair:4   | Found a basalt altar of Yredelemnul.
 15448 | Lair:4   | Reached ****** piety under Hepliaklqana
 15704 | Lair:5   | Entered Level 5 of the Lair of Beasts
 15925 | Lair:5   | Found a staircase to the Slime Pits.
 15977 | Lair:5   | Reached XP level 14. HP: 113/113 MP: 19/19
 16195 | Lair:5   | Reached skill level 5 in Spellcasting
 16232 | Lair:5   | Reached skill level 1 in Evocations
 16791 | Lair:5   | Reached skill level 5 in Evocations
 17241 | D:11     | Reached skill level 13 in Fighting
 17287 | D:11     | Found a frozen archway.
 17302 | IceCv    | Entered an ice cave
 17590 | D:11     | Found a gate leading to a gauntlet.
 17599 | Gauntlet | Entered a Gauntlet
 17599 | Gauntlet | Found a transporter.
 17599 | Gauntlet | Found a transporter.
 17604 | Gauntlet | Found a transporter.
 17619 | Gauntlet | Found a transporter.
 17633 | Gauntlet | Found a transporter.
 17646 | Gauntlet | Found a transporter.
 17723 | Gauntlet | Found a transporter.
 17735 | Gauntlet | Found a transporter.
 17736 | Gauntlet | Found a transporter.
 17742 | Gauntlet | Found a transporter.
 17751 | Gauntlet | Found a transporter.
 17759 | Gauntlet | Found a transporter.
 17759 | Gauntlet | Found a transporter.
 17788 | Gauntlet | Found a transporter.
 17835 | Gauntlet | Found a transporter.
 17851 | Gauntlet | Found a transporter.
 18002 | Gauntlet | Reached skill level 14 in Fighting
 18185 | Gauntlet | Identified the +4 sling of the Hidden Vale {heavy, *Slow
                  | rN++ Int+5 Dex+3}
 18185 | Gauntlet | Identified the +3 shortbow "Conservator" {heavy, Str+2
                  | Int+3 Dex-2}
 18320 | D:11     | Noticed Urug
 18331 | D:11     | Killed Urug
 18764 | D:12     | Found Tekujeto's Antique Armour Boutique.
 19433 | D:12     | Bought a pair of embroidered gloves for 217 gold pieces
 19532 | Orc:1    | Entered Level 1 of the Orcish Mines
 19532 | Orc:1    | Noticed an orc warlord
 19619 | D:10     | Killed an orc warlord
 19998 | Orc:2    | Entered Level 2 of the Orcish Mines
 20024 | Orc:1    | Reached XP level 15. HP: 96/124 MP: 22/22
 20051 | Orc:1    | Learned a level 3 spell: Mephitic Cloud
 20330 | Orc:2    | Found Funnuturph's Magic Scroll Shoppe.
 20349 | Orc:2    | Found Xuillahugo's Vocational Training.
 20350 | Orc:2    | Bought a scroll of blinking for 97 gold pieces
 20350 | Orc:2    | Bought 3 scrolls of teleportation for 117 gold pieces
 20350 | Orc:2    | Bought a scroll of blinking for 97 gold pieces
 20350 | Orc:2    | Bought a scroll of teleportation for 39 gold pieces
 20350 | Orc:2    | Bought a scroll of enchant armour for 97 gold pieces
 20603 | Orc:2    | Found a staircase to the Elven Halls.
 20865 | Orc:2    | Found Voll's General Store.
 20865 | Orc:2    | Found Iliqyops's Armour Shop.
 20867 | Orc:2    | Found Zomeas's Antique Armour Emporium.
 20867 | Orc:2    | Found Ycegezat's Book Shop.
 21129 | Orc:2    | Bought a wand of paralysis (6) for 201 gold pieces
 21132 | Orc:2    | Bought a book of the Hunter for 260 gold pieces
 21174 | Orc:2    | Bought a manual of Evocations for 1040 gold pieces
 21387 | Spider:1 | Entered Level 1 of the Spider Nest
 21624 | Spider:1 | Noticed an emperor scorpion
 21659 | Lair:3   | Killed an emperor scorpion
 21987 | Spider:1 | Identified a scroll of acquirement
 21994 | Spider:1 | Learned a level 4 spell: Leda's Liquefaction
 22319 | Spider:2 | Reached skill level 10 in Evocations
 22690 | Spider:2 | Reached skill level 5 in Earth Magic
 23512 | Spider:3 | Reached XP level 16. HP: 131/131 MP: 25/25
 24371 | Spider:3 | Reached skill level 15 in Fighting
 25038 | Spider:4 | Entered Level 4 of the Spider Nest
 25248 | Spider:4 | Reached skill level 16 in Fighting
 25759 | Spider:4 | Reached skill level 5 in Dodging
 26532 | Spider:4 | Got a gossamer rune of Zot
 26552 | Spider:4 | Noticed Arachne
 26642 | Spider:4 | Reached XP level 17. HP: 79/141 MP: 27/27
 26751 | Spider:4 | Killed Arachne
 27159 | Spider:4 | Reached skill level 17 in Fighting
 27484 | Spider:4 | Identified the +1 pair of boots "Nujiemo" {Harm rF++ Will-
                  | rCorr}
 27743 | D:13     | Identified the +0 cloak of Erof {rPois rC++ rCorr Int+2}
 27774 | D:13     | Learned a level 5 spell: Borgnjor's Vile Clutch
 27841 | D:13     | Reached skill level 1 in Necromancy
 27989 | D:13     | Found a gate to the Vaults.
 28279 | D:13     | You fall into a shaft and drop 2 floors!
 28279 | D:15     | Entered Level 15 of the Dungeon
 28391 | D:15     | Reached skill level 5 in Necromancy
 28759 | D:15     | Found an iron altar of Okawaru.
 28898 | D:15     | Found a portal to a secret trove of treasure.
 29212 | D:15     | Found a staircase to the Depths.
 29447 | D:14     | Reached skill level 18 in Fighting
 29447 | D:14     | Noticed Rupert
 29471 | D:14     | Killed Rupert
 30480 | Elf:1    | Entered Level 1 of the Elven Halls
 30513 | Elf:1    | Noticed Aizul
 30533 | Elf:1    | Killed Aizul
 30630 | Elf:1    | Found Dopiewk's Antique Armour Emporium.
 30805 | Elf:1    | Got the Papyrus of Blows
 30846 | Elf:1    | Reached XP level 18. HP: 154/154 MP: 28/28
 30925 | Elf:1    | Found Syro's General Store.
 31017 | Elf:1    | Reached skill level 10 in Dodging
 31380 | Elf:1    | Found Ojaqan's Weapon Boutique.
 31629 | Elf:2    | Found Nyne Odgh's Antique Weapon Shop.
 32002 | Elf:2    | Found a runed translucent gate.
 32003 | Elf:2    | Found a runed translucent gate.
 32003 | Elf:2    | Found a runed translucent gate.
 32348 | Elf:3    | Entered Level 3 of the Elven Halls
 32460 | Elf:3    | Found a magical portal.
 32469 | WizLab   | Entered The Roulette of Golubria
 32469 | WizLab   | Found a transporter.
 32473 | WizLab   | Found a corrupted altar of Lugonu.
 32477 | WizLab   | Paralysed by an air elemental for 1 turns
 32583 | WizLab   | Found a transporter.
 32619 | WizLab   | Found a transporter.
 32649 | WizLab   | Found a transporter.
 32669 | WizLab   | Found a transporter.
 32690 | WizLab   | Found a transporter.
 32752 | WizLab   | Found a transporter.
 32825 | WizLab   | Found a transporter.
 32865 | WizLab   | Found a corrupted altar of Lugonu.
 32867 | WizLab   | Found a transporter.
 32917 | WizLab   | Found a transporter.
 32931 | WizLab   | Found a transporter.
 32959 | WizLab   | Found a transporter.
 33026 | WizLab   | Found a transporter.
 33077 | WizLab   | Found a transporter.
 33077 | WizLab   | Found a transporter.
 33267 | WizLab   | Found a transporter.
 33267 | WizLab   | Found a transporter.
 33310 | WizLab   | Found a transporter.
 33316 | WizLab   | Reached skill level 10 in Earth Magic
 33433 | WizLab   | Identified the +0 cloak of Negation {rElec Dex+3}
 33437 | WizLab   | Identified the +2 cloak of the Desert {Dex+3}
 33441 | WizLab   | Got Golubria's Secrets of Places
 33445 | WizLab   | Found a transporter.
 33455 | WizLab   | Identified the +0 cloak of Intercession {rN++ Int-5}
 33520 | WizLab   | Found a transporter.
 33605 | Elf:2    | Found an ancient bone altar of Kikubaaqudgha.
 34375 | Shoals:1 | Entered Level 1 of the Shoals
 34445 | Shoals:1 | Acquired the ring "Riziofea" {rC+ rCorr MP+9}
 34449 | Shoals:1 | Acquired 1082 gold pieces
 34451 | Shoals:1 | Acquired the ring "Dale" {rF+ Dex+7}
 34455 | Shoals:1 | Acquired 1054 gold pieces
 34457 | Shoals:1 | Acquired the ring of Ruit {rCorr Slay+3}
 34678 | Orc:2    | Bought a manual of Invocations for 1040 gold pieces
 34731 | Elf:1    | Bought a scroll of revelation for 120 gold pieces
 34731 | Elf:1    | Bought a scroll of revelation for 120 gold pieces
 34994 | Shoals:1 | Found Yphetur's Antique Weapon Boutique.
 35092 | Shoals:1 | Reached skill level 10 in Invocations
 35188 | Shoals:1 | Got the Codex of Generation
 35989 | Shoals:2 | You fall into a shaft and drop 1 floor!
 36018 | Shoals:2 | Found a runed translucent gate.
 36019 | Shoals:2 | Found a runed translucent gate.
 36020 | Shoals:2 | Found a runed translucent gate.
 36021 | Shoals:2 | Noticed Ceuduph's ghost (adept AtWn)
 36022 | Shoals:2 | Noticed Ifrazul's ghost (journeyman MiFi)
 36024 | Shoals:2 | Noticed 123456's ghost (adept MiFi)
 36054 | Shoals:2 | Noticed Luutwy's ghost (adept MiBe)
 36257 | Shoals:2 | Reached XP level 19. HP: 161/161 MP: 29/29
 38154 | Shoals:4 | Entered Level 4 of the Shoals
 38208 | Shoals:4 | Paralysed by an air elemental for 1 turns
 38211 | Shoals:4 | Noticed Polyphemus
 38461 | Shoals:4 | Paralysed by an air elemental for 1 turns
 38512 | Shoals:4 | Identified the ring "Utzyist" {rElec rN+ Str+2}
 38607 | Shoals:4 | Identified the +9 morningstar of Voboev {pain, *Slow rN+
                  | Str+3 Int+4}
 38975 | Shoals:4 | Killed Polyphemus
 39108 | Shoals:4 | Identified the orb of the Untouchables {light, Will+ Str+3
                  | Int+3}
 39189 | Shoals:4 | Got a barnacled rune of Zot
 40109 | Elf:3    | Reached skill level 19 in Fighting
 40172 | Elf:3    | Reached XP level 20. HP: 160/171 MP: 20/30
 40478 | Elf:3    | Identified the +1 robe of Levi Gai {rF+}
 40488 | Elf:3    | Reached skill level 20 in Fighting
 40631 | Elf:3    | Identified the +2 leather armour of Transparent Freedom
                  | {Fly rPois Str-4 Int+7 Dex+3}
 41158 | Vaults:1 | Entered Level 1 of the Vaults
 41720 | Vaults:1 | Found Nuakkeon's Magic Scroll Emporium.
 41726 | Vaults:1 | Bought a scroll of teleportation for 60 gold pieces
 41726 | Vaults:1 | Bought a scroll of enchant weapon for 150 gold pieces
 41726 | Vaults:1 | Bought a scroll of enchant weapon for 150 gold pieces
 41726 | Vaults:1 | Bought a scroll of teleportation for 60 gold pieces
 42666 | Vaults:2 | Reached skill level 21 in Fighting
 42799 | Vaults:2 | Found a staircase to the Crypt.
 42799 | Vaults:2 | Found a basalt altar of Yredelemnul.
 42799 | Vaults:2 | Found an ancient bone altar of Kikubaaqudgha.
 42899 | Vaults:2 | Noticed Xtahua
 42907 | Vaults:2 | Killed Xtahua
 42929 | Vaults:2 | Found Laoptyn's Armour Emporium.
 43399 | Vaults:2 | Reached XP level 21. HP: 177/185 MP: 29/31
 43557 | Vaults:2 | Reached skill level 22 in Fighting
 43564 | Vaults:2 | Learned a level 6 spell: Summon Cactus Giant
 43566 | Vaults:2 | Reached skill level 1 in Summonings
 43715 | Vaults:2 | Got the Almanac of Reformation
 44209 | Vaults:3 | Reached skill level 5 in Summonings
 44283 | Vaults:3 | Identified the +2 arbalest of Yfacs {penet, +Blink rC+++
                  | Int+3 Dex-3}
 45102 | Vaults:4 | Noticed Sojobo
 45187 | Vaults:4 | Paralysed by an air elemental for 1 turns
 45191 | Vaults:4 | Paralysed by an air elemental for 1 turns
 45198 | Vaults:4 | Paralysed by an air elemental for 1 turns
 45203 | Vaults:4 | Killed Sojobo
 46562 | Lair:2   | Killed benadryl's ghost
 46685 | Shoals:2 | Killed Ceuduph's ghost
 46695 | Shoals:2 | Killed Luutwy's ghost
 46824 | Shoals:2 | Killed Ifrazul's ghost
 46832 | Shoals:2 | Killed 123456's ghost
 46947 | Shoals:2 | Identified the +2 cloak of Generosity {rElec rPois Int-4
                  | Dex+4}
 47214 | Depths:1 | Entered Level 1 of the Depths
 47221 | Depths:1 | Reached skill level 10 in Summonings
 47488 | Depths:1 | Noticed Mara
 47497 | Depths:1 | Reached XP level 22. HP: 193/193 MP: 35/35
 47505 | Depths:1 | Killed Mara
 47508 | Depths:1 | Reached skill level 10 in Spellcasting
 47566 | Depths:1 | Found Arook's Jewellery Boutique.
 47568 | Depths:1 | Found Udwaokle's Book Shoppe.
 47568 | Depths:1 | Found Irecw's Book Shoppe.
 47636 | Depths:1 | Found a one-way gateway to a ziggurat.
 47672 | Depths:1 | Found a gateway to Hell.
 47883 | Depths:1 | Found a one-way gate to the infinite horrors of the Abyss.
 47976 | Depths:1 | Acquired a +6 triple crossbow of draining
 48149 | Depths:1 | Identified the +4 trident of Okext {heavy, rF+}
 48253 | Depths:2 | Found a gateway to a bazaar.
 48592 | Depths:1 | Bought a book of Beasts for 570 gold pieces
 48600 | Depths:1 | Learned a level 7 spell: Monstrous Menagerie
 48883 | Depths:2 | Found a one-way gate leading to the halls of Pandemonium.
 49100 | Depths:2 | Noticed Saint Roka
 49106 | Depths:2 | Noticed Vv
 49112 | Depths:2 | Killed Saint Roka
 49128 | Depths:2 | Killed Vv
 49354 | Depths:3 | Found Zufumusi's Antique Armour Shop.
 49393 | Depths:3 | Bought a translucent scarf for 380 gold pieces
 49393 | Depths:3 | Identified the scarf "Ycar" {shadows, Int+3} (You bought it
                  | in a shop on level 3 of the Depths)
 49422 | Depths:3 | Noticed Boris
 49430 | Depths:3 | Killed Boris
 49620 | Depths:3 | Found a transporter.
 49633 | Depths:3 | Found a radiant altar of Vehumet.
 49886 | Depths:3 | Noticed a dread lich
 49972 | Depths:4 | Entered Level 4 of the Depths
 49973 | Depths:4 | Found Qasiff's General Store.
 50184 | Depths:4 | Identified the +1 pair of boots of the Quick God {rElec
                  | Will- Str+4 Slay-3}
 50884 | Depths:4 | Found a gate to the Realm of Zot.
 50933 | Depths:4 | Reached skill level 15 in Summonings
 51829 | Vaults:5 | Entered Level 5 of the Vaults
 51845 | Vaults:5 | Reached XP level 23. HP: 135/200 MP: 36/38
 52054 | Vaults:5 | Noticed a dread lich
 52058 | Vaults:5 | Killed a dread lich
 52707 | Vaults:5 | Identified the +0 hand axe of Xumedah {drain, Fly rPois rC-
                  | rCorr}
 52868 | Vaults:5 | Got a silver rune of Zot
 52870 | Vaults:5 | Got Sif Muna's Guide on Erosion and Feathers
 52972 | Vaults:5 | Noticed an ancient lich
 52986 | Vaults:5 | Killed an ancient lich
 53615 | Vaults:5 | Noticed a dread lich
 53623 | Vaults:5 | Killed a dread lich
 54326 | Zot:1    | Entered Level 1 of the Realm of Zot
 54633 | Zot:1    | Reached XP level 24. HP: 176/202 MP: 39/39
 54940 | Zot:1    | Learned a level 5 spell: Summon Mana Viper
 55020 | Zot:1    | Noticed an orb of fire
 55031 | Zot:1    | Gained mutation: You are weak. (Str -2) [an orb of fire]
 55038 | Zot:1    | Killed an orb of fire
 55418 | Orc:2    | Bought an embroidered scarf for 328 gold pieces
 57312 | Zot:3    | Noticed an orb of fire
 57314 | Zot:3    | Gained mutation: You are clumsy. (Dex -2) [an orb of fire]
 57326 | Zot:3    | Killed an orb of fire
 57526 | Zot:4    | Reached skill level 15 in Dodging
 57607 | Zot:5    | Entered Level 5 of the Realm of Zot
 57645 | Zot:5    | Found a runed translucent gate.
 57646 | Zot:5    | Found a runed translucent gate.
 57647 | Zot:5    | Found a runed translucent gate.
 57648 | Zot:5    | Noticed Lance11888's ghost (legendary OpDe)
 57650 | Zot:5    | Found a viscous altar of Jiyva.
 58266 | Zot:5    | Reached skill level 15 in Evocations
 58632 | Zot:5    | Noticed a dread lich
 58634 | Zot:5    | Noticed an orb of fire
 58637 | Zot:5    | Noticed an orb of fire
 58951 | Zot:5    | Gained mutation: You are frail. (-10% HP) [an orb of fire]
 58963 | Zot:4    | Gained mutation: Your spells are a little easier to cast,
                  | but a little less powerful. [an orb of fire]
 58967 | Zot:4    | Gained mutation: You are occasionally teleported next to
                  | monsters. [an orb of fire]
 58968 | Zot:4    | Killed an orb of fire
 58969 | Zot:4    | Lost mutation: You are weak. (Str -2) [potion of mutation]
 58969 | Zot:4    | Lost mutation: You are clumsy. (Dex -2) [potion of
                  | mutation]
 58969 | Zot:4    | Lost mutation: You are occasionally teleported next to
                  | monsters. [potion of mutation]
 58969 | Zot:4    | Gained mutation: You occasionally lose the ability to drink
                  | potions when taking damage. [potion of mutation]
 58969 | Zot:4    | Gained mutation: Your spells are easier to cast, but less
                  | powerful. [potion of mutation]
 58969 | Zot:4    | Gained mutation: You have supernaturally acute eyesight.
                  | (SInv) [potion of mutation]
 58970 | Zot:4    | Lost mutation: Your spells are easier to cast, but less
                  | powerful. [potion of mutation]
 58970 | Zot:4    | Lost mutation: Your spells are a little easier to cast, but
                  | a little less powerful. [potion of mutation]
 58970 | Zot:4    | Lost mutation: You are frail. (-10% HP) [potion of
                  | mutation]
 58970 | Zot:4    | Lost mutation: You have supernaturally acute eyesight.
                  | (SInv) [potion of mutation]
 58970 | Zot:4    | Gained mutation: You do not regenerate when monsters are
                  | visible. [potion of mutation]
 58970 | Zot:4    | Gained mutation: Your body sometimes deteriorates upon
                  | taking damage. [potion of mutation]
 58970 | Zot:4    | Gained mutation: You have a pair of small antennae on your
                  | head. [potion of mutation]
 59077 | Zot:4    | Lost mutation: You do not regenerate when monsters are
                  | visible. [potion of mutation]
 59077 | Zot:4    | Lost mutation: You occasionally lose the ability to drink
                  | potions when taking damage. [potion of mutation]
 59077 | Zot:4    | Gained mutation: You are frail. (-10% HP) [potion of
                  | mutation]
 59077 | Zot:4    | Gained mutation: You do not regenerate when monsters are
                  | visible. [potion of mutation]
 59077 | Zot:4    | Lost mutation: You do not regenerate when monsters are
                  | visible. [potion of mutation]
 59237 | Zot:5    | Noticed a Killer Klown
 59243 | Zot:5    | Killed a Killer Klown
 59245 | Zot:5    | Noticed a Killer Klown
 59251 | Zot:5    | Killed an orb of fire
 59252 | Zot:5    | Killed a dread lich
 59253 | Zot:5    | Reached skill level 23 in Fighting
 59258 | Zot:5    | Noticed a Killer Klown
 59259 | Zot:5    | Reached XP level 25. HP: 167/194 MP: 33/39
 59263 | Zot:5    | Noticed a Killer Klown
 59264 | Zot:5    | Noticed a Killer Klown
 59267 | Zot:5    | Killed a Killer Klown
 59267 | Zot:5    | Noticed a Killer Klown
 59271 | Zot:5    | Noticed a Killer Klown
 59273 | Zot:5    | Killed a Killer Klown
 59279 | Zot:5    | Killed a Killer Klown
 59282 | Zot:5    | Killed a Killer Klown
 59282 | Zot:5    | Noticed a Killer Klown
 59400 | Zot:5    | Noticed a dread lich
 59406 | Zot:5    | Killed a Killer Klown
 59413 | Zot:5    | Killed a dread lich
 59416 | Zot:5    | Killed a Killer Klown
 59422 | Zot:5    | Killed a Killer Klown
 59422 | Zot:5    | Noticed a Killer Klown
 59467 | Zot:4    | Reached skill level 24 in Fighting
 59591 | Zot:5    | Noticed a Killer Klown
 59596 | Zot:5    | Killed a Killer Klown
 59606 | Zot:5    | Killed a Killer Klown
 59656 | Zot:5    | Noticed an ancient lich
 59741 | Zot:5    | Killed an ancient lich
 60068 | Zot:5    | Got the Orb of Zot
 60080 | Zot:5    | Noticed Ijuel the pandemonium lord
 60085 | Zot:5    | Killed Ijuel the pandemonium lord
 60086 | Zot:5    | Reached skill level 25 in Fighting
 60090 | Zot:5    | Noticed Mopuaqest the pandemonium lord
 60105 | Zot:5    | Killed Mopuaqest the pandemonium lord
 60174 | Zot:2    | Noticed Ukuym the pandemonium lord
 60702 | D:$      | Escaped with the Orb!

Illustrated notes

Levels and vault maps discovered:
D:1:      nicolae_arrival_memento_mori, layout_basic,
          ebering_ecumenical_altar_petrified
D:2:      layout_loops_ring
D:3:      layout_loops_ring, grunt_temple_overflow_open, minmay_cupped
D:4:      minmay_recursive_quarters, layout_loops_corners,
          minmay_temple_entry_butterflies, eino_curves_04, uniq_blork_the_orc,
          uniq_natasha
D:5:      minmay_general_purpose_star, layout_layer_cave,
          overflow_temple_1_default, nzn_random_ring, uniq_sigmund, uniq_duvessa
D:6:      layout_basic, nicolae_tso_besieged_by_evil, serial_glass,
          glass_columns_a, glass_columns_a, uniq_pikel
D:7:      layout_rooms, serial_demonic, serial_demonic_c, serial_demonic_g,
          serial_demonic_a, serial_demonic_f, enter_bailey_4, st_stairs_11
D:8:      layout_cave_pools, mainiacjoe_overflow_24_doors, lemuel_round_altar,
          lightli_orcish_oven
D:9:      layout_big_octagon, uniq_psyche, uniq_joseph, uniq_erolcha
D:10:     layout_irregular_city, old_standard_altar, erik_lair_dragon,
          david_orc_4, uniq_grum
D:11:     hangedman_cross_stitches, layout_long_grid, gauntlet_entry_generic,
          portal_ice_cave_entry_ice_simulacra, uniq_urug
D:12:     layout_basic, serial_shops, shop
D:13:     layout_cave_pools, erik_vaults_1, nicolae_titane
D:14:     layout_irregular_city, uniq_rupert
D:15:     grunt_enter_depths_snipers, layout_basic, enter_trove_0,
          okawaru_ov_weapons_minmay, minmay_crystal_room, minmay_circle_x
Lair:1:   layout_big_grid, nicolae_quartered_pool_super, grunt_megastairs_4
Lair:2:   regret_index_combs_of_tragedy, layout_small_grid, basic_altar,
          gammafunk_ghost_split, st_stairs_13,
          eino_small_chamber_without_monster, grunt_megastairs_5, uniq_amaemon
Lair:3:   layout_regular_city, shoals_dummy_entry, spider_nest_entry_web_field,
          uniq_fannar, uniq_gastronok, uniq_nergalle, uniq_nessos
Lair:4:   layout_hall_layers, basic_altar, fungi_pond_lemuel
Lair:5:   grunt_lair_end_beastmaster, layout_regular_city, slime_entry_1
Shoals:1: layout_shoals, serial_shops, nicolae_shop_tiny_statue_garden
Shoals:2: cheibrodos_shoals_three_sisters, layout_shoals,
          gammafunk_ghost_cemetery, nicolae_shoals_land_atoll,
          nicolae_shoals_bring_sunscreen
Shoals:3: layout_shoals
Shoals:4: shoals_end_hellmonk_storm_palace [storm_palace_center_ruins,
          storm_palace_corner_blocked, storm_palace_corner_reverse_hut,
          storm_palace_corner_pillars, storm_palace_corner_grid],
          uniq_polyphemus
Spider:1: layout_spider_delve
Spider:2: layout_cave_pods
Spider:3: layout_chambers
Spider:4: johnstein_spider_rune_arachne_lair, nicolae_spider_orb_run
Orc:1:    layout_caves
Orc:2:    grunt_orc_tribal_feast, layout_caves, serial_shops, shop,
          nicolae_shop_vocational
Elf:1:    layout_geoelf_octagon, serial_shops, nicolae_lakefront_shop, shop,
          shop, minmay_elf_annihilation, amcnicky_mini_rare_corridor_liquid,
          uniq_aizul
Elf:2:    nicolae_elf_blades_crystal_corner, layout_loops_cross, serial_shops,
          shop_fountains, lemuel_upstairs_altar
Elf:3:    minmay_elf_hall_four_x, layout_geoelf_castle, mu_enter_wizlab_6
Vaults:1: v_pattern_2, vaults_room_fancy_cross, nicolae_vaults_frosty_reception,
          nicolae_vaults_shrinking_rooms_1, v_alt_pattern_5, v_misc_22,
          layout_vaults_omnigrid, serial_shops, nicolae_shop_tiny_waterfront
Vaults:2: minmay_crypt_entry_necro_gods, ontoclasm_vaults_shuriken, v_rooms_4,
          nicolae_vaults_diagonal_hallway_6, hangedman_vaults_nails, v_misc_10,
          nicolae_vaults_tangram_2, vaults_mumra_minichess_inversion,
          vaults_dpeg_encased_lava, ontoclasm_vaults_fault,
          layout_vaults_big_room, serial_shops, shop, serial_hangedman_research,
          hangedman_research_metamorphosis, uniq_xtahua
Vaults:3: vaults_room_grid, hangedman_vaults_slice, hangedman_vaults_variations,
          ontoclasm_vaults_claustrophobia, nicolae_vaults_diamond_2,
          nicolae_vaults_yaktaur_gun_rack, nicolae_vaults_trapezoid_layered,
          v_misc_23, nicolae_vaults_diamond_2, ontoclasm_vaults_spin,
          dpeg_vaults_monster_row, nicolae_vaults_ninety_degrees,
          nicolae_vaults_house_3, layout_vaults_ring
Vaults:4: ontoclasm_vaults_hangar, nicolae_vaults_theta, ontoclasm_vaults_shout,
          nicolae_vaults_three_branches, ontoclasm_vaults_misaligned,
          vaults_room_corners, layout_vaults_omnibox, uniq_sojobo
Vaults:5
Depths:1: layout_gridlike, enter_ziggurat_e, hell_entry, abyss_entry_crystal,
          reono_crystal_passage, minmay_misc_feat_hallway,
          kennysheep_generic_room_16, minmay_shop_grove, uniq_mara
Depths:2: minmay_the_grid_3x3 [minmay_the_grid_eight,
          minmay_the_grid_outer_circle, minmay_the_grid_spin_star,
          minmay_the_grid_outer_diamond, minmay_the_grid_spikes,
          minmay_the_grid_holed_spiral, minmay_the_grid_broken_lines,
          minmay_the_grid_paths, minmay_the_grid_prize_trominoes],
          layout_gridville, hell_entry, serial_shops, statue_bzr,
          rand_demon_pan_entry_5, uniq_saint_roka, uniq_vv
Depths:3: gammafunk_sealed_library, layout_cave_pools, serial_shops, shop,
          hell_entry, abyss_entry, infiniplex_staircase_pool_2,
          serial_bayou_shore_a, firewood_loft, uniq_boris
Depths:4: evilmike_zot_entry_argh, layout_basic,
          serial_sigils_hangedman_confine, hell_entry, serial_shops, shop,
          abyss_entry, serial_bayou_shore_b
Zot:1:    layout_cathedral_of_symmetry, grunt_megastairs_3
Zot:2:    layout_misc_corridors
Zot:3:    layout_basic
Zot:4:    layout_twisted_circle, grunt_ministairs_15
Zot:5:    layout_gridlike, gammafunk_ghost_ooze, skrybe_zot_glass_2

Skill      XL: |  1  2  3  4  5  6  7  8  9 10 11 12 13 14 15 16 17 18 19 20 21 22 23 24 25 |
---------------+----------------------------------------------------------------------------+-----
Ranged Weapons | 2 3 4 5 6 7 9 11 12 14 16 17 18 20 | 20.0
Fighting       | 2 4 6 8 10 12 14 16 18 19 21 22 23 25 | 25.5
Hexes          | 3 4 6 7 9 |  9.0
Translocations | 2 4 |  4.0
Invocations    | 1 4 7 10 14 | 14.0
Dodging        | 4 8 9 12 15 | 15.0
Spellcasting   | 2 3 5 6 7 9 11 12 | 12.7
Ice Magic      | 4 |  4.0
Evocations     | 5 10 12 14 16 | 16.0
Earth Magic    | 7 9 10 11 | 11.0
Necromancy     | 6 7 8 |  8.0
Summonings     | 10 15 19 | 19.4

Action                     |  1- 3 |  4- 6 |  7- 9 | 10-12 | 13-15 | 16-18 | 19-21 | 22-24 | 25-27 || total
---------------------------+-------+-------+-------+-------+-------+-------+-------+-------+-------++-------
  Melee: Demon whip        |       |       |       |       |       |     9 |       |       |       ||     9
         Tailslap          |       |       |       |       |       |     3 |       |       |       ||     3
   Fire: Sling             |   135 |   115 |   124 |       |       |       |       |       |       ||   374
         Orcbow            |       |       |   306 |  1251 |   101 |       |       |       |       ||  1658
         Longbow           |       |       |       |       |  1207 |  1455 |  1435 |  1403 |   236 ||  5736
   Cast: Slow              |     1 |     2 |     2 |     2 |     1 |       |       |       |       ||     8
         Portal Projectile |       |       |     9 |    10 |    16 |    25 |    19 |    16 |     3 ||    98
         Cause Fear        |       |       |       |    15 |     6 |     1 |       |       |       ||    22
         Tukima's Dance    |       |       |       |       |     6 |     2 |     1 |       |       ||     9
         Mephitic Cloud    |       |       |       |       |     2 |     4 |       |     1 |       ||     7
         Leda's Liquefacti |       |       |       |       |     1 |    15 |     4 |     1 |       ||    21
         Frozen Ramparts   |       |       |       |       |       |     2 |       |       |       ||     2
         Borgnjor's Vile C |       |       |       |       |       |    49 |    88 |   133 |    23 ||   293
         Summon Cactus Gia |       |       |       |       |       |       |     2 |     7 |     1 ||    10
         Monstrous Menager |       |       |       |       |       |       |       |    24 |     1 ||    25
         Summon Mana Viper |       |       |       |       |       |       |       |     6 |       ||     6
 Invoke: Recall Ancestor   |     1 |     1 |     1 |     7 |     6 |    12 |     3 |    13 |     6 ||    50
         Ancestor Identity |     1 |       |       |       |       |       |       |       |       ||     1
         Ancestor Life: Kn |       |     1 |       |       |       |       |       |       |       ||     1
         Idealise          |       |       |     1 |       |     3 |     3 |     4 |     5 |     2 ||    18
         Transference      |       |       |       |     3 |     2 |     1 |     1 |     2 |       ||     9
  Evoke: Wand              |       |       |     1 |     4 |       |     1 |     3 |     8 |       ||    17
         Condenser vane    |       |       |       |       |       |     1 |     1 |     1 |       ||     3
         Lightning rod     |       |       |       |       |       |       |     2 |       |       ||     2
         Phial of floods   |       |       |       |       |       |       |     1 |       |       ||     1
         Phantom mirror    |       |       |       |       |       |       |       |       |     1 ||     1
    Use: Scroll            |       |     8 |     1 |    10 |    13 |    12 |     5 |    12 |     1 ||    62
         Potion            |       |       |       |     3 |     1 |     1 |     1 |     5 |       ||    11
 Armour: Skin              |    10 |    10 |    48 |   174 |   176 |   191 |   112 |   160 |     9 ||   890
  Dodge: Dodged            |    33 |     9 |   123 |   502 |   350 |   486 |   441 |   389 |    50 ||  2383

Table legend: (Time is in decaauts)
 A = Elapsed time spent in this place.
 B = Non-inter-level travel time spent in this place.
 C = Inter-level travel time spent in this place.
 D = Time resting spent in this place.
 E = Time spent auto-exploring this place.
 F = Levels seen in this place.
 G = Mean time per level.
                   A        B        C        D        E       F      G
               +--------+--------+--------+--------+--------+-----+--------+
         Total |  62167 |  54801 |   7366 |  13903 |  26544 |  51 | 1219.0 |
       Dungeon |  17241 |  14271 |   2970 |   2548 |   8389 |  15 | 1149.4 |
          Lair |   7602 |   6375 |   1227 |   1394 |   3111 |   5 | 1520.4 |
        Shoals |   5027 |   4784 |    243 |   1343 |   2314 |   4 | 1256.8 |
   Spider Nest |   6402 |   5918 |    484 |   1994 |   2373 |   4 | 1600.5 |
  Orcish Mines |   1860 |   1279 |    581 |    192 |    795 |   2 |  930.0 |
   Elven Halls |   4155 |   3749 |    406 |    924 |   1785 |   3 | 1385.0 |
        Vaults |   7751 |   7256 |    495 |   1545 |   4124 |   5 | 1550.2 |
        Depths |   5271 |   4425 |    846 |   1097 |   2405 |   4 | 1317.8 |
           Zot |   4558 |   4449 |    109 |   2339 |    523 |   5 |  911.6 |
        Bailey |    283 |    283 |      0 |    118 |      4 |   1 |  283.0 |
      Ice Cave |    150 |    150 |      0 |     12 |      0 |   1 |  150.0 |
        Wizlab |   1150 |   1150 |      0 |    289 |    408 |   1 | 1150.0 |
      Gauntlet |    711 |    711 |      0 |    104 |    310 |   1 |  711.0 |
               +--------+--------+--------+--------+--------+-----+--------+

Top non-repeatable levels by time:
    D:10: 2845 daAuts
Spider:4: 2322 daAuts
  Lair:2: 2210 daAuts
Vaults:5: 2154 daAuts
Spider:3: 2120 daAuts
     D:5: 2078 daAuts
Depths:4: 1980 daAuts
   Elf:3: 1935 daAuts
  Lair:3: 1768 daAuts
Shoals:2: 1563 daAuts
Vaults:1: 1563 daAuts
Vaults:2: 1503 daAuts
  Lair:1: 1486 daAuts
   Elf:1: 1424 daAuts
    D:15: 1381 daAuts
